Map: Void Thrashing

Players

sTkmonk

  • Race: Terran Terran
  • Spawn Location: 9:00

monk

  • Race: Protoss Protoss
  • Spawn Location: 6:00

VOD

Have the link to the VOD?

Description

Time

  • Played on: Sept. 22, 2017, 8:42 p.m.
  • Length: 18:15
Show
View Real Time Build Order
Export as new Build Order

sTkmonk Terran 

Build Orders:  

Get SALT Encoding   

Show
View Real Time Build Order
Export as new Build Order

monk Protoss 

Build Orders:  

Get SALT Encoding   

  12  0:04  Probe (Chrono Boost)  
  13  0:16  Probe (Chrono Boost)  
  14  0:27  Probe (Chrono Boost)  
  15  0:39  Gateway  
  15  0:46  Probe (Chrono Boost)  
  16  0:57  Probe (Chrono Boost)  
  17  1:00  Assimilator  
  17  1:08  Probe (Chrono Boost)  
  18  1:10  Assimilator  
  18  1:19  Probe (Chrono Boost)  
  20  1:30  Probe (Chrono Boost)  
  20  1:41  Probe (Chrono Boost)  
  20  1:46  Zealot  
  23  1:53  Probe  
  24  2:05  Zealot  
  26  2:25  Zealot  
  28  2:46  Probe (Chrono Boost)  
  29  2:50  Nexus  
  29  3:02  Probe (Chrono Boost)  
  29  3:08  Cybernetics Core  
  30  3:16  Probe (Chrono Boost)  
  31  3:28  Probe (Chrono Boost)  
  32  3:39  Probe (Chrono Boost)  
  34  3:50  Probe (Chrono Boost)  
  34  4:04  Stargate  
  34  4:17  Probe (Chrono Boost)  
  35  4:28  Probe (Chrono Boost)  
  36  4:31  Pylon  
  36  4:35  Assimilator, Probe (Chrono Boost)  
  36  4:39  Probe (Chrono Boost)  
  38  4:43  Assimilator  
  38  4:46  Probe (Chrono Boost)  
  40  4:50  Probe (Chrono Boost)  
  40  4:57  Probe (Chrono Boost)  
  40  4:58  Zealot  
  44  5:01  Probe (Chrono Boost)  
  44  5:09  Probe (Chrono Boost), Protoss Air Weapons Level 1  
  45  5:13  Zealot  
  45  5:18  Probe (Chrono Boost)  
  47  5:20  Probe (Chrono Boost)  
  47  5:29  Probe (Chrono Boost)  
  46  5:36  Fleet Beacon  
  47  5:40  Probe (Chrono Boost)  
  47  5:43  Probe (Chrono Boost)  
  48  5:51  Probe (Chrono Boost)  
  48  5:57  Probe (Chrono Boost)  
  50  6:03  Probe (Chrono Boost)  
  50  6:08  Probe (Chrono Boost)  
  52  6:16  Probe (Chrono Boost)  
  52  6:19  Probe (Chrono Boost)  
  54  6:38  Tempest  
  54  6:39  Tempest  
  62  6:58  Protoss Air Weapons Level 2  
  62  7:01  Tempest  
  66  7:16  Stargate  
  66  7:20  Death Council  
  66  7:29  Disintegration  
  66  7:32  Tempest  
  66  7:39  Zealot x2  
  74  7:59  Tempest  
  78  8:10  Whirlwind (Chrono Boost)  
  78  8:28  Zealot  
  80  8:39  Tempest  
  84  9:09  Tempest  
  88  9:14  Protoss Air Weapons Level 3  
  88  9:28  Zealot x3  
  94  9:38  Gateway  
  94  9:40  Gateway  
  94  9:44  Gateway x2  
  90  9:50  Gateway  
  90  9:57  Tempest  
  94  10:07  Tempest  
  98  10:13  Zealot  
  100  10:26  Zealot  
  96  10:47  Zealot x2  
  96  11:03  Zealot x3  
  96  11:04  Zealot  
  102  11:24  Robotics Facility  
  102  11:30  Zealot  
  102  11:31  Zealot x3  
  102  11:32  Charge (Chrono Boost), Zealot  
  112  12:16  Tempest  
  114  12:25  Zealot x2  
  114  12:26  Zealot x2  
  102  12:53  Tempest x2  
  110  13:07  Observer  
  111  13:16  Tempest x2  
  119  13:36  Tempest  
  123  14:13  Tempest  
  127  14:38  Zealot  
  129  14:40  Zealot  
  129  14:41  Zealot  
  133  14:53  Zealot x4  
  133  14:54  Zealot x4  
  133  14:55  Zealot  
  139  15:24  Tempest x3  
  139  15:25  Zealot  
  153  15:32  Zealot  
  153  15:33  Zealot  
  153  15:39  Zealot  
  157  15:43  Zealot  
  159  15:57  Tempest  
  161  16:26  Zealot x2  
  161  16:27  Zealot x2  
  169  16:32  Tempest  
  173  16:56  Tempest  
  172  17:24  Zealot x3  
  172  17:25  Zealot x2  
  172  17:28  Zealot  
  172  17:29  Zealot x3  
Tags
 
Add a new tag
Caveats
  • Supply blocks, unpowered buildings, or Contaminate may cause inaccurate times.
  • Supply counts are checked every 10 seconds.